 Dungeon Sprint DCSS version 0.31-a0-18-gea43df2a32 (webtiles) character file.

Game seed: 3568634899389613998

1551 sircluck the Grappler (level 8, -14/92 HPs)
             Began as a Troll Berserker on May 10, 2023.
             Was an Elder of Trog.
             Killed from afar by an ice statue (20 damage)
             ... with a freezing blast
             ... in the Dungeon (Sprint II: "The Violet Keep of Menkaure").
             The game lasted 00:02:19 (302 turns).

sircluck the Grappler (Troll Berserker)              Turns: 302, Time: 00:02:20

Health: -14/92     AC:  3    Str: 34    XL:     8   Next: 57%
Magic:  7/7        EV: 12    Int:  3    God:    Trog [****..]
Gold:   365        SH:  0    Dex:  9    Spells: 7/7 levels left

rFire   . .          .
                       - Unarmed
rCold   . . .        (no shield)
rNeg    . . .        a - +0 animal skin
rPois   .            (helmet restricted)
rElec   .            (no cloak)
rCorr   .            (gloves unavailable)
SInv    .            (boots unavailable)
Will    .....        (no amulet)
Stlth   +            i - ring of flight
HPRegen 1.15/turn    h - +6 ring of strength
MPRegen 0.10/turn

%: no teleportation
@: flying
A: large, unfitting armour, claws 3, regeneration 1, shaggy fur 1, tough skin 1,
deformed body
a: Renounce Religion, Berserk, Trog's Hand, Brothers in Arms


You were in the Dungeon.
You worshipped Trog.
Trog was greatly pleased with you.
You visited 1 branch You collected 972 gold pieces.
You spent 607 gold pieces at shops.

Inventory:

Armour
 a - a +0 animal skin (worn)
Jewellery
 h - a +6 ring of strength (right claw)
 i - a ring of flight (left claw)
Scrolls
 g - a scroll of blinking
Potions
 b - a potion of curing
 c - a potion of heal wounds
 d - a potion of haste
 e - 2 potions of magic
 f - 2 potions of berserk rage


   Skills:
 + Level 9.5 Fighting
 + Level 9.3 Dodging
 + Level 12.4 Unarmed Combat


You had 7 spell levels left.
You didn't know any spells.
Your spell library was empty.

Dungeon Overview and Level Annotations

Branches:
Dungeon (1/1)

Altars:

Shops:
D (:[?(*!:=*[=!?(

Annotations:
D exclusions: ice statue and oklob plant


Innate Abilities, Weirdness & Mutations

You are too large for most types of armour.
You have claws for hands.
Your natural rate of healing is unusually fast.
You are covered in fur. (AC +1)
You have tough skin. (AC +1)
Armour fits poorly on your strangely shaped body.


Message History

You fly up into the air.
i - a ring of flight (left claw)
You feel stronger.
h - a +6 ring of strength (right claw)
There is an open door, spattered with blood here.
The flying skull gives a hideous shriek!
The flying skull gives a hideous shriek! x2
You hear a hideous shriek! x4
The flying skull gives a hideous shriek! x5
You hear a hideous shriek!
The flying skull gives a hideous shriek!
You reach down and open the door.
There is an open door here.
You reach down and close the door.
There's nothing to close nearby.
You reach down and open the door.
There is an open door, spattered with blood here.
There is a staircase leading out of the dungeon here.
The walls and floor vibrate strangely for a moment.
There is an open door here.
You reach down and open the door.
Marking area around an ice statue as unsafe for travelling.
There is an open door here.
You reach down and open the gate.
You are engulfed in freezing vapours.
The walls and floor vibrate strangely for a moment.
There is an open gate here.
The ice statue gestures at you. The bolt of cold hits you!
You are engulfed in freezing vapours.
You mangle the ice statue!!
The ice statue is heavily damaged.
You are engulfed in freezing vapours.
* * * LOW HITPOINT WARNING * * *
You barely miss the ice statue.
The ice statue is heavily damaged.
You are engulfed in freezing vapours.
* * * LOW HITPOINT WARNING * * *
The ice statue gestures at you. The freezing blast engulfs you!!
You die...

####+#### ##.○.°○..##
##..°°°°○..## +.○°○☼8°....#
###.☼○@○○○.°# #~##○☼°○○☼°##
###########~~#○°○#+++##
##########~~~○.○.○....#
#.∩.∩....#~~~~.##'##..#
#..∩.....#~~~~####.##.####
#...∩.∩..#~~~~#..##.# ...#
#....∩.⌠.#~~####...####..##
#...∩.∩..#~##.###'###.##..#


You could see an ice statue.

Vanquished Creatures
  A merfolk siren (D)
  2 wyverns (D)
  4 neqoxecs (D)
  Menkaure (D)
  4 necrophages (D)
  A hell rat (D)
13 creatures vanquished.

Notes
Turn   | Place    | Note
-------+----------+-------------------------------------------
     0 | D        | sircluck the Troll Berserker began the quest for the Orb.
     0 | D        | Reached XP level 1. HP: 22/22 MP: 0/0
     1 | D        | Noticed a neqoxec
     1 | D        | Noticed a neqoxec
     1 | D        | Noticed a neqoxec
     1 | D        | Noticed a neqoxec
     6 | D        | Lost intelligence.
    11 | D        | Killed a neqoxec
    12 | D        | Reached skill level 5 in Fighting
    12 | D        | Reached skill level 5 in Dodging
    12 | D        | Reached skill level 6 in Unarmed Combat
    12 | D        | Reached XP level 2. HP: 20/35 MP: 1/1
    12 | D        | Reached XP level 3. HP: 24/42 MP: 2/2
    12 | D        | Reached XP level 4. HP: 29/50 MP: 3/3
    14 | D        | Killed a neqoxec
    15 | D        | Reached skill level 7 in Unarmed Combat
    15 | D        | Reached XP level 5. HP: 38/61 MP: 4/4
    18 | D        | Gained mutation: Armour fits poorly on your strangely
                  | shaped body. [a neqoxec]
    19 | D        | Killed a neqoxec
    19 | D        | Reached ** piety under Trog
    20 | D        | Reached skill level 8 in Unarmed Combat
    20 | D        | Reached XP level 6. HP: 36/71 MP: 5/5
    25 | D        | HP: 3/71 [neqoxec (10)]
    27 | D        | Killed a neqoxec
    28 | D        | Reached skill level 9 in Unarmed Combat
    28 | D        | Reached XP level 7. HP: 7/79 MP: 6/6
    94 | D        | Reached *** piety under Trog
    95 | D        | Reached skill level 10 in Unarmed Combat
   112 | D        | Noticed a merfolk siren
   117 | D        | Killed a merfolk siren
   117 | D        | Reached **** piety under Trog
   118 | D        | Reached skill level 11 in Unarmed Combat
   118 | D        | Reached XP level 8. HP: 85/91 MP: 7/7
   133 | D        | Reached skill level 12 in Unarmed Combat
   205 | D        | Found Hoplamoi's Distillery.
   205 | D        | Found Suile's Weapon Emporium.
   205 | D        | Found Ifollourph's Jewellery Shoppe.
   205 | D        | Found Kifux's Magic Scroll Shoppe.
   206 | D        | Found Dumylixem's Assorted Antiques.
   206 | D        | Found Waubbuf's Jewellery Emporium.
   206 | D        | Found Kianib's Book Shoppe.
   207 | D        | Found Lecwo's Distillery.
   207 | D        | Found Alosy's Assorted Antiques.
   207 | D        | Found Mummyuw's Antique Weapon Shoppe.
   207 | D        | Noticed a shining eye
   208 | D        | Found Niocom's Antique Armour Emporium.
   208 | D        | Noticed Menkaure
   208 | D        | Noticed a shining eye
   212 | D        | Killed Menkaure
   218 | D        | Found Vuwna's Magic Scroll Shoppe.
   218 | D        | Found Vukhuf Xamur's Antique Armour Emporium.
   218 | D        | Noticed a shining eye
   218 | D        | Noticed an oklob plant
   219 | D        | Found Ranaoss's Weapon Shoppe.
   219 | D        | Found Edoej's Book Shoppe.
   223 | D        | Noticed a manticore
   224 | D        | Noticed a manticore
   229 | D        | Bought a +6 ring of strength for 432 gold pieces
   232 | D        | Bought a ring of flight for 175 gold pieces
   241 | D        | Noticed a manticore
   267 | D        | Noticed a flying skull
   268 | D        | Noticed a flying skull
   269 | D        | Noticed a flying skull
   269 | D        | Noticed a flying skull
   269 | D        | Noticed a flying skull
   269 | D        | Noticed a flying skull
   270 | D        | Noticed a flying skull
   270 | D        | Noticed a flying skull
   270 | D        | Noticed a flying skull
   270 | D        | Noticed a flying skull
   270 | D        | Noticed a flying skull
   271 | D        | Noticed a flying skull
   293 | D        | Noticed an ice statue
   302 | D        | Killed from afar by an ice statue

Illustrated notes

Levels and vault maps discovered:
D:        the_violet_keep_of_menkaure [sprint2_stairs_cluster_1,
          sprint2_shoproom, sprint2_temple, sprint2_basic_supplies,
          sprint2_obstacle_1, sprint2_obstacle_6, sprint2_obstacle_2,
          sprint2_obstacle_7, sprint2_obstacle_5, sprint2_timed_cluster_1,
          sprint2_smallroom_cluster_1, sprint2_smallroom_final_cluster_1,
          sprint2_transparent_cluster_1, sprint2_second_timed_cluster_1,
          sprint2_sniper_area_1, sprint2_heavy_combat_area_1,
          sprint2_mutation_trap_area_1, sprint2_forest_area_1,
          sprint2_light_combat_area_1, sprint2_behind_water_1,
          sprint2_near_end_vault_1]

Skill      XL: |  1  2  3  4  5  6  7  8 |
---------------+-------------------------+-----
Fighting       | 5 6 7 8 9 |  9.5
Dodging        | 5 6 7 8 9 |  9.3
Unarmed Combat | 6 7 8 9 11 12 | 12.4

Action                     |  1- 3 |  4- 6 |  7- 9 || total
---------------------------+-------+-------+-------++-------
  Melee: Unarmed           |     5 |    16 |    33 ||    54
         Punch             |       |       |     1 ||     1
 Invoke: Berserk           |     1 |       |       ||     1
 Armour: Animal skin       |     1 |     2 |     4 ||     7
  Dodge: Dodged            |       |     2 |    11 ||    13

Table legend: (Time is in decaauts)
 A = Elapsed time spent in this place.
 B = Non-inter-level travel time spent in this place.
 C = Inter-level travel time spent in this place.
 D = Time resting spent in this place.
 E = Time spent auto-exploring this place.
 F = Levels seen in this place.
 G = Mean time per level.
                   A        B        C        D        E       F      G
               +--------+--------+--------+--------+--------+-----+--------+
         Total |    301 |    237 |     64 |     52 |     69 |   1 |  301.0 |
       Dungeon |    301 |    237 |     64 |     52 |     69 |   1 |  301.0 |
               +--------+--------+--------+--------+--------+-----+--------+

Top non-repeatable levels by time:
       D: 301 daAuts
